 Dungeon Crawl Stone Soup version 0.31.0-9-g3a7656b989 (webtiles) character file.

Game seed: 1822796019579074044

8470 Heoruswealwe the Eclecticist (level 11, -3/54 HPs)
             Began as a Deep Elf Conjurer on Jan 31, 2024.
             Was a Priest of Vehumet.
             Slain by a komodo dragon (26 damage)
             ... on level 11 of the Dungeon on Feb 1, 2024.
             The game lasted 01:32:34 (11598 turns).

Heoruswealwe the Eclecticist (Deep Elf Conjurer)   Turns: 11598, Time: 01:32:35

Health: -3/54      AC: 12    Str:  7    XL:     11   Next: 10%
Magic:  1/32       EV: 12    Int: 33    God:    Vehumet [***...]
Gold:   392        SH:  0    Dex: 13    Spells: 17/41 levels left

rFire   . . .        b - +0 scimitar
rCold   . . .        d - orb of Tomorrow {light, Str+3 Int+5}
rNeg    + . .        c - +2 robe {rN+}
rPois   +            g - +1 helmet of Jiuciph {Regen+}
rElec   .            h - +2 cloak {Stlth+}
rCorr   .            f - +0 pair of gloves
SInv    .            e - +1 pair of boots
Will    +....        (no amulet)
Stlth   +            k - ring of flight
HPRegen 1.09/turn    j - ring of poison resistance
MPRegen 0.23/turn

%: no passive effects
@: marked, flying, glowing
A: no striking features
a: Renounce Religion


You were on level 11 of the Dungeon.
You worshipped Vehumet.
Vehumet was most pleased with you.
You visited 2 branches of the dungeon, and saw 12 of its levels.
You also visited: Sewer.

You collected 392 gold pieces.

Inventory:

Hand Weapons
 a - a +1 heavy battleaxe
 b - a +0 scimitar (weapon)
 y - a +0 rapier
Armour
 c - a +2 robe of positive energy (worn)
 d - the orb of Tomorrow (worn) {light, Str+3 Int+5}
   (You took it off an orc on level 8 of the Dungeon)

   Str+3:     It affects your strength (+3).
   Int+5:     It affects your intelligence (+5).
 e - a +1 pair of boots (worn)
 f - a +0 pair of gloves (worn)
 g - the +1 helmet of Jiuciph (worn) {Regen+}
   (You took it off Robin on level 2 of the Dungeon)

   Regen+:    It increases your rate of health regeneration.
 h - a +2 cloak of stealth (worn)
 z - +0 steam dragon scales
 A - a +2 helmet
 J - a +2 robe of cold resistance
 M - the +18 shield of the Gong {Loud rN+ Will+ rCorr EV-5}
   (You found it on level 11 of the Dungeon)

   Loud:      It is deafeningly noisy when blocking attacks.
   EV-5:      It affects your evasion (-5).
   rN+:       It protects you from negative energy.
   Will+:     It increases your willpower.
   rCorr:     It protects you from acid and corrosion.
Magical Staves
 n - a staff of fire
Jewellery
 j - a ring of poison resistance (right hand)
 k - a ring of flight (left hand)
Talismans
 u - a serpent talisman
Wands
 i - a wand of polymorph (6)
 m - a wand of roots (16)
 C - a wand of flame (16)
 G - a wand of digging (9)
 I - a wand of mindburst (8)
 L - a wand of paralysis (8)
Scrolls
 p - 3 scrolls of blinking
 r - 6 scrolls of revelation
 v - a scroll of amnesia
 B - 2 scrolls of enchant armour {unknown}
 D - a scroll of enchant weapon
 E - a scroll of brand weapon {unknown}
 F - 3 scrolls of teleportation
 K - a scroll of torment {unknown}
Potions
 l - a potion of heal wounds {unknown}
 o - 3 potions of might {unknown}
 q - 3 potions of enlightenment {unknown}
 s - 10 potions of curing
 t - a potion of lignification {unknown}
 w - 2 potions of mutation {unknown}
 x - 2 potions of degeneration {unknown}
 H - 2 potions of haste {unknown}


   Skills:
 - Level 2.4 Dodging
 - Level 2.4 Stealth
 + Level 15.8 Spellcasting
 + Level 13.9 Conjurations


You had 17 spell levels left.
You knew the following spells:

 Your Spells              Type           Power      Damage    Failure   Level
a - Magic Dart            Conj           100%       1d8       0%          1
b - Searing Ray           Conj           100%       2d8       0%          2
c - Static Discharge      Conj/Air       100%       3-8/arc   1%          2
d - Stone Arrow           Conj/Erth      100%       3d13      1%          3
e - Fulminant Prism       Conj/Alch      32%        3d16      1%          4
f - Iskenderun's Mystic   Conj/Tloc      64%        2d13      1%          4
g - Lehudib's Crystal Sp  Conj/Erth      32%        10d8      78%         8

Your spell library contained the following spells:

 Spells                   Type           Power      Damage    Failure   Level
 Olgreb's Toxic Radiance  Alch           26%        N/A       4%          4
 Summon Small Mammal      Summ           100%       N/A       1%          1
 Ensorcelled Hibernation  Hex/Ice        52%        N/A       2%          2
 Call Canine Familiar     Summ           26%        N/A       4%          3
 Fugue of the Fallen      Necr           26%        N/A       4%          3
 Ozocubu's Armour         Ice            26%        N/A       4%          3
 Anguish                  Hex/Necr       13%        N/A       16%         4
 Animate Armour           Summ/Erth      52%        N/A       16%         4
 Summon Blazeheart Golem  Fire/Summ      26%        N/A       16%         4
 Metabolic Englaciation   Hex/Ice        13%        N/A       41%         5
 Sculpt Simulacrum        Ice/Alch       13%        N/A       94%         6


Dungeon Overview and Level Annotations

Branches:
Dungeon (11/15)            Temple (1/1) D:4           Sewer (visited)
   Lair: D:8-11         Orc: D:9-12

Altars:
Ashenzari
Cheibriados
Dithmenos
Elyvilon
Fedhas
Gozag
Hepliaklqana
Kikubaaqudgha
Makhleb
Nemelex Xobeh
Okawaru
Qazlal
Ru
Sif Muna
Trog
Uskayaw
Vehumet
Wu Jian
Xom
Yredelemnul
Zin
The Shining One

Shops:
D:5 [   D:7 :   D:10 *


Message History

The komodo dragon barely misses you. The basilisk misses you.
The komodo dragon closely misses you. The basilisk gazes at you.
You easily resist.
You hit the komodo dragon.
The komodo dragon is heavily wounded.
The komodo dragon barely misses you. The basilisk bites you.
You hit the komodo dragon.
The komodo dragon is heavily wounded.
An unseen horror comes into view.
The komodo dragon bites you!
The basilisk bites you but does no damage.
The komodo dragon bites you but does no damage.
Casting: Iskenderun's Mystic Blast (safe; 1% risk of failure)
Confirm with . or Enter, or press ? or * to list all spells.
You erupt in a blast of force!
The mystic blast hits the unseen horror!
The unseen horror is lightly wounded.
The unseen horror is knocked back by the mystic blast.
The unseen horror slams into the metal wall!
The unseen horror is moderately wounded.
The mystic blast hits the komodo dragon!
The komodo dragon is severely wounded.
The komodo dragon is knocked back by the mystic blast.
The komodo dragon slams into the metal wall!
The komodo dragon is severely wounded.
The komodo dragon sets off the alarm!
The alarm trap emits a blaring wail!
The mark upon you grows brighter.
The mystic blast hits the basilisk!!
You kill the basilisk!
Vehumet accepts your kill.
You barely miss the unseen horror.
The unseen horror is moderately wounded.
The unseen horror hits you but does no damage.
The unseen horror hits you!
You hit the unseen horror.
The unseen horror is moderately wounded.
The unseen horror hits you but does no damage.
The komodo dragon bites you!!
You die...

#+##
###^.^###
##^.....^##
#^..^. ..^#
##..)###..^##
#...#x.l#...#
#..#))@.)#
#...#...#...#
##...###...##
#^^... ..^#
##^..^. ^##
###^.^###
#+##


You could see a komodo dragon and an unseen horror (invisible).

Vanquished Creatures
  2 two-headed ogres
  Nergalle (D:10)
  Pikel (D:4)
  2 vault sentinels (D:11)
  A hornet (D:9)
  Sigmund (D:2)
  A wyvern (D:10)
  A basilisk (D:11)
  A vampire (D:9)
  2 steam dragons
  2 vampire mosquitoes (D:10)
  An acid dragon (D:10)
  An ice beast (D:6)
  A black bear (D:7)
  4 orc warriors
  2 sky beasts (D:7)
  An ogre (D:8)
  5 centaurs
  A phantom (D:5)
  4 kobold brigands
  Blork the orc (D:4)
  3 bullfrogs
  5 scorpions
  A gnoll sergeant (D:11)
  8 wights
  8 killer bees
  2 howler monkeys (D:9)
  Crazy Yiuf (D:5)
  2 sleepcaps
  3 bombardier beetles
  3 jellies
  4 orc priests
  4 hounds
  A gnoll bouda (D:9)
  Jessica (D:2)
  10 orc wizards
  A hell rat (Sewer)
  Robin (D:2)
  7 adders
  12 gnolls
  8 river rats
  2 shadow imps
  A white imp (D:8)
  4 ufetubi
  A ribbon worm (D:4)
  2 dart slugs (D:2)
  49 orcs
  3 endoplasms
  7 giant cockroaches
  10 goblins
  11 hobgoblins
  4 jackals (D:4)
  19 kobolds
  6 quokkas
  6 ball pythons
  3 bats
  6 frilled lizards
  17 rats
  2 butterflies (D:4)
274 creatures vanquished.

Vanquished Creatures (others)
  A kobold (D:10)
  A fulminant prism (D:10)
2 creatures vanquished.

Grand Total: 276 creatures vanquished

Notes
Turn   | Place    | Note
-------+----------+-------------------------------------------
     0 | D:1      | Heoruswealwe the Deep Elf Conjurer began the quest for the
                  | Orb.
     0 | D:1      | Reached XP level 1. HP: 10/10 MP: 6/6
   158 | D:1      | Reached XP level 2. HP: 15/15 MP: 2/8
   161 | D:1      | Learned a level 2 spell: Searing Ray
   886 | D:2      | Identified the +1 helmet of Jiuciph {Regen+}
   886 | D:2      | Noticed Robin
   893 | D:2      | Noticed Jessica
   897 | D:2      | Reached skill level 4 in Spellcasting
   994 | D:2      | Reached skill level 5 in Conjurations
   994 | D:2      | Reached XP level 3. HP: 19/19 MP: 7/10
  1051 | D:2      | Killed Robin
  1233 | D:2      | Killed Jessica
  1234 | D:2      | Reached XP level 4. HP: 24/24 MP: 7/12
  1239 | D:2      | Learned a level 4 spell: Fulminant Prism
  1246 | D:2      | Learned a level 4 spell: Iskenderun's Mystic Blast
  1422 | D:2      | Reached skill level 5 in Spellcasting
  1617 | D:2      | Found a faded altar of an unknown god.
  1680 | D:2      | Noticed Sigmund
  1688 | D:2      | Killed Sigmund
  1689 | D:2      | Reached skill level 6 in Spellcasting
  1689 | D:2      | Reached XP level 5. HP: 21/28 MP: 5/15
  1689 | D:2      | Reached XP level 6. HP: 24/32 MP: 5/17
  2072 | D:3      | Learned a level 3 spell: Stone Arrow
  2587 | D:3      | Found a basalt altar of Yredelemnul.
  2587 | D:3      | Found an opulent altar of Gozag.
  2752 | D:1      | Found a transporter.
  3623 | D:2      | Found a faded altar of an unknown god.
  4171 | D:3      | Found a sparkling altar of Nemelex Xobeh.
  4176 | D:3      | Found a white marble altar of Elyvilon.
  4226 | D:3      | Reached skill level 7 in Spellcasting
  4347 | D:4      | Found a shimmering altar of Xom.
  4403 | D:4      | Found a glowing drain.
  4416 | Sewer    | Entered a sewer
  4499 | Sewer    | Reached XP level 7. HP: 12/36 MP: 0/19
  5449 | D:4      | Noticed Pikel
  5515 | D:4      | Killed Pikel
  5516 | D:4      | Reached skill level 9 in Spellcasting
  5516 | D:4      | Reached XP level 8. HP: 24/41 MP: 8/23
  5516 | D:4      | Noticed Blork the orc
  5518 | D:4      | Killed Blork the orc
  5773 | D:4      | Found a staircase to the Ecumenical Temple.
  5784 | Temple   | Entered the Ecumenical Temple
  5837 | Temple   | Became a worshipper of Vehumet
  6106 | D:3      | Learned a level 8 spell: Lehudib's Crystal Spear
  6143 | D:5      | Entered Level 5 of the Dungeon
  6196 | D:5      | Found a runed translucent door.
  6197 | D:5      | Noticed Crazy Yiuf
  6302 | D:5      | Killed Crazy Yiuf
  6379 | D:5      | Reached skill level 10 in Spellcasting
  6684 | D:5      | Found Faaroz's Armour Emporium.
  7134 | D:6      | Reached skill level 11 in Spellcasting
  7134 | D:6      | Reached skill level 10 in Conjurations
  7181 | D:6      | Reached * piety under Vehumet
  7181 | D:6      | Offered knowledge of Freeze by Vehumet.
  7205 | D:6      | Reached XP level 9. HP: 24/45 MP: 1/26
  7471 | D:5      | You are sucked into a shaft and drop 3 floors!
  8007 | D:7      | Reached skill level 12 in Spellcasting
  8510 | D:7      | Found Axeanaf's Book Boutique.
  8704 | D:7      | Found a shimmering blue altar of Sif Muna.
  8967 | D:8      | Reached skill level 13 in Spellcasting
  9138 | D:8      | Offered knowledge of Static Discharge by Vehumet.
  9141 | D:8      | Reached ** piety under Vehumet
  9145 | D:8      | Learned a level 2 spell: Static Discharge
  9189 | D:8      | Identified the orb of Tomorrow {light, Str+3 Int+5}
  9230 | D:8      | Reached XP level 10. HP: 48/50 MP: 6/29
  9755 | D:9      | Offered knowledge of Frozen Ramparts by Vehumet.
  9891 | D:9      | Reached skill level 14 in Spellcasting
  9917 | D:9      | Noticed a two-headed ogre
  9924 | D:9      | Killed a two-headed ogre
  9924 | D:9      | Reached *** piety under Vehumet
 10154 | D:9      | Found a broken altar of Ashenzari.
 10872 | D:9      | You are sucked into a shaft and drop 2 floors!
 10952 | D:10     | Entered Level 10 of the Dungeon
 11031 | D:10     | Reached skill level 15 in Spellcasting
 11095 | D:10     | Noticed a two-headed ogre
 11104 | D:10     | Killed a two-headed ogre
 11114 | D:10     | Noticed Nergalle
 11136 | D:10     | Killed Nergalle
 11136 | D:10     | Offered knowledge of Olgreb's Toxic Radiance by Vehumet.
 11261 | D:10     | Found a blossoming altar of Fedhas.
 11442 | D:10     | Found Babaetom's Overcharged Wands.
 11557 | D:11     | Noticed a vault sentinel
 11558 | D:11     | Found the +18 shield of the Gong {Loud rN+ Will+ rCorr
                  | EV-5}
 11559 | D:11     | Noticed a vault sentinel
 11569 | D:11     | Killed a vault sentinel
 11570 | D:11     | Reached XP level 11. HP: 53/54 MP: 16/32
 11598 | D:11     | Slain by a komodo dragon

Illustrated notes

Levels and vault maps discovered:
D:1:      spicycebolla_arrival_risky_transporter, layout_basic
D:2:      layout_loops_ring, hellmonk_ecumenical_altar_defaced_shrine,
          uniq_sigmund, uniq_jessica, uniq_robin
D:3:      layout_rooms, jmf_multi_god_temple2, nicolae_overflow_hidden_temple,
          serial_curves, eino_curves_01, eino_curves_02, eino_curves_02
D:4:      layout_cave_pools, xom_butterflies, minmay_temple_entry_waves,
          portal_sewer_entry_e, uniq_blork_the_orc, uniq_pikel
D:5:      layout_cave_pools, serial_shops, shop,
          minmay_a_box_with_orc_wizards_in_it, uniq_crazy_yiuf_cottage
D:6:      layout_rooms
D:7:      layout_loops_ring, marbit_many_paths, serial_shops,
          nicolae_book_shop_shelving
D:8:      layout_basic, special_room [special_room_orc], minmay_misc_feat_tower
D:9:      layout_basic, evilmike_ruin_ashenzari, kennysheep_generic_room_3
D:10:     layout_rooms, fedhas_altar_3, nicolae_shop_overcharged_wands,
          uniq_nergalle
D:11:     layout_loops_ring, david_lair_shrubbed, hellmonk_guarded_unrand_gong
Temple:   eino_narrow_crystal_temple

Skill      XL: |  1  2  3  4  5  6  7  8  9 10 |
---------------+-------------------------------+-----
Spellcasting   | 4 6 7 9 11 13 15 | 15.8
Conjurations   | 5 6 7 8 10 11 13 | 13.9
Dodging        | |  2.4
Stealth        | |  2.4

Action                     |  1- 3 |  4- 6 |  7- 9 | 10-12 || total
---------------------------+-------+-------+-------+-------++-------
  Melee: Unarmed           |     5 |    21 |       |       ||    26
         Battleaxe         |       |       |    65 |     9 ||    74
         Scimitar          |       |       |       |    19 ||    19
   Cast: Magic Dart        |    58 |   106 |    99 |    17 ||   280
         Searing Ray       |     2 |     8 |    20 |    10 ||    40
         Stone Arrow       |       |     8 |    57 |    23 ||    88
         Iskenderun's Myst |       |       |     8 |    30 ||    38
         Static Discharge  |       |       |       |     1 ||     1
         Fulminant Prism   |       |       |       |     1 ||     1
    Use: Scroll            |       |     5 |     7 |     1 ||    13
         Potion            |       |       |     1 |       ||     1
 Armour: Robe              |     7 |    45 |   151 |    63 ||   266
  Dodge: Dodged            |     6 |    37 |   129 |    57 ||   229
